 Dungeon Crawl Stone Soup version 0.29.1-4-g47bece8355 (webtiles) character file.

Game seed: 1551064497218998545

48 concernfroge the Trooper (level 3, -2/31 HPs)
             Began as a Mummy Monk on Dec 4, 2022.
             Slain by Terence
             ... wielding a +0 hand axe
              (6 damage)
             ... on level 2 of the Dungeon.
             The game lasted 00:02:26 (1727 turns).

concernfroge the Trooper (Mummy Monk)               Turns: 1727, Time: 00:02:27

Health: -2/31      AC:  8    Str: 16    XL:     3   Next: 50%
Magic:  3/3        EV:  7    Int:  9    God:
Gold:   91         SH:  0    Dex: 14    Spells: 2/2 levels left

rFire   x . .      SeeInvis .   a - +0 spear
rCold   + + .      Faith    .   (no shield)
rNeg    + + +      Spirit   .   g - +0 chain mail
rPois   ∞          Reflect  .   (no helmet)
rElec   .          Harm     .   (no cloak)
rCorr   .          Rampage  .   (no gloves)
Will    .....                   (no boots)
Stlth   ..........              (no amulet)
HPRegen 0.10/turn               d - ring of protection from cold
MPRegen 0.08/turn               (no ring)

@: no status effects
A: cold resistance 1, negative energy resistance 3, torment resistance 2, heat
vulnerability 1, in touch with death 1, no potions
a: no special abilities


You were on level 2 of the Dungeon.
You visited 1 branch of the dungeon, and saw 2 of its levels.

You collected 91 gold pieces.

Inventory:

Hand Weapons
 a - a +0 spear (weapon)
Armour
 g - a +0 chain mail (worn)
Jewellery
 d - a ring of protection from cold (left hand)
Scrolls
 e - 2 scrolls of poison {unknown}
 f - a scroll of magic mapping {unknown}


   Skills:
 + Level 4.6 Fighting
 - Level 2.4 Polearms
 - Level 2.4 Dodging
 - Level 1.5 Stealth


You had 2 spell levels left.
You didn't know any spells.
Your spell library was empty.

Dungeon Overview and Level Annotations

Branches:
Dungeon (2/15)

Altars:

Annotations:
D:2 Terence


Innate Abilities, Weirdness & Mutations

You are immune to poison.
Your flesh is cold resistant. (rC+)
You are immune to negative energy. (rN+++)
You are immune to unholy pain and torment.
You are vulnerable to heat. (rF-)
You are in touch with the powers of death.
You do not drink.


Message History

You hit Terence but do no damage.
Terence is heavily wounded.
Terence hits you with a +0 hand axe.
You hit Terence but do no damage.
Terence is heavily wounded.
Terence hits you but does no damage.
You barely miss Terence.
Terence is heavily wounded.
Terence zaps a wand.
The puff of flame hits you! The fire burns you terribly!
You closely miss Terence.
Terence is heavily wounded.
Terence zaps a wand.
The puff of flame hits you! The fire burns you terribly!
You are too injured to fight recklessly!
You are too injured to fight recklessly!
You are too injured to fight recklessly!
You are too injured to fight recklessly!
You hit Terence.
Terence is heavily wounded.
Terence shouts, "Get ready for death!"
Terence hits you with a +0 hand axe.
You hit Terence but do no damage.
Terence is heavily wounded.
Terence hits you but does no damage.
You barely miss Terence.
Terence is heavily wounded.
Terence hits you but does no damage.
You hit Terence but do no damage.
Terence is heavily wounded.
Terence hits you with a +0 hand axe.
You hit Terence but do no damage.
Terence is heavily wounded.
Terence zaps a wand.
The puff of flame hits you! The fire burns you terribly!
* * * LOW HITPOINT WARNING * * *
You hit Terence.
Terence is severely wounded.
Terence barely misses you.
You hit Terence but do no damage.
Terence is severely wounded.
Terence hits you with a +0 hand axe.
You die...

#...... #.........#
#.##### #.........#
#.# #.........# #.#
#.........#####.#
#.........##....#
#.........##.####
#...@)....##†#
#...@.....##.#
#.........##.#######
#.........#.........
#....>††.....#######
#######'##...#
#.#....# #.#....#
#.####.# #......#


You could see Terence.

Vanquished Creatures
  4 dart slugs
  3 bats (D:1)
  4 endoplasms (D:1)
  3 giant cockroaches
  3 goblins
  5 hobgoblins (D:1)
  4 jackals (D:1)
  A quokka (D:2)
  3 ball pythons (D:1)
  2 frilled lizards (D:1)
  4 rats
36 creatures vanquished.

Notes
Turn   | Place    | Note
-------+----------+-------------------------------------------
     0 | D:1      | concernfroge the Mummy Monk began the quest for the Orb.
     0 | D:1      | Reached XP level 1. HP: 18/18 MP: 1/1
   238 | D:1      | Reached XP level 2. HP: 23/24 MP: 2/2
   314 | D:1      | HP: 1/25 [giant cockroach (2)]
   720 | D:1      | Reached skill level 4 in Fighting
  1065 | D:1      | Gained mutation: You are in touch with the powers of death.
                  | [Mummy growth]
  1065 | D:1      | Reached XP level 3. HP: 29/30 MP: 3/3
  1709 | D:2      | Noticed Terence
  1727 | D:2      | Slain by Terence

Illustrated notes

Levels and vault maps discovered:
D:1:      minmay_arrival_stair_chambers, layout_basic, minmay_misc_feat_cross
D:2:      layout_basic, hellmonk_ecumenical_altar_defaced_shrine, uniq_terence

Skill      XL: |  1  2 |
---------------+-------+-----
Fighting       | 4 |  4.6
Polearms       | |  2.4
Dodging        | |  2.4
Stealth        | |  1.5

Action                   || total
-------------------------++-------
Melee: Spear             ||   157
       Punch             ||     1
  Use: Scroll            ||     1
 Stab: Sleeping          ||     8
Armor: Robe              ||    20
       Chain mail        ||    11
Dodge: Dodged            ||    66
